 Dungeon Crawl Stone Soup version 0.32-a0-918-g0f22ef8d61 (webtiles) character file.

Game seed: 15695260090251233355

31619 jestert79 the Marksspriggan (level 13, -7/62 HPs)
             Began as a Spriggan Shapeshifter on Apr 10, 2024.
             Was a High Priest of Hepliaklqana.
             Mangled by a komodo dragon (27 damage)
             ... on level 4 of the Lair of Beasts.
             The game lasted 00:42:23 (14387 turns).

jestert79 the Marksspriggan (SpSh)                 Turns: 14387, Time: 00:42:24

Health: -7/62      AC:  4    Str: 16    XL:     13   Next: 27%
Magic:  27/27      EV: 27    Int: 12    God:    Hepliaklqana [*****.]
Gold:   585        SH:  0    Dex: 19    Spells: 11/18 levels left

rFire   . . .        a - +0 orcbow (heavy)
rCold   . . .        (shield currently unavailable)
rNeg    . . .        j - +2 robe {Will+}
rPois   .            (helmet currently unavailable)
rElec   .            (cloak currently unavailable)
rCorr   .            (gloves unavailable)
SInv    +            (boots unavailable)
Will    +++..        (no amulet)
Stlth   ++           f - ring of magical power
HPRegen 0.30/turn    E - +6 ring of strength
MPRegen 0.20/turn

%: no passive effects
@: beast-form, very quick
A: beast (slay +4), reduced essence, very small, no large weapons, unfitting
armour, see invisible, speed 3
a: Begin Untransformation, Renounce Religion, Recall Ancestor, Ancestor
Identity, Transference, Idealise


You were on level 4 of the Lair of Beasts.
You worshipped Hepliaklqana.
Hepliaklqana was extremely pleased with you.
You were a hulking beast.
You visited 3 branches of the dungeon, and saw 16 of its levels.

You collected 857 gold pieces.
You spent 272 gold pieces at shops.

Inventory:

Hand Weapons
 a - a +0 heavy orcbow (weapon)
 b - a +5 sling of flaming
Missiles
 C - 2 throwing nets
 G - a curare-tipped dart
Armour
 j - a +2 robe of willpower (worn)
 q - the +0 robe of Nekosos {rN+ Int+3}
   (You found it on level 3 of the Dungeon)

   Int+3:     It affects your intelligence (+3).
   rN+:       It protects you from negative energy.
Jewellery
 f - a ring of magical power (left hand)
 k - the amulet of Waydunuc {Faith rN+ SInv}
   (You found it on level 2 of the Dungeon)

   [amulet of faith]

   Faith:     It allows you to gain divine favour quickly.
   rN+:       It protects you from negative energy.
   SInv:      It lets you see invisible.
 E - a +6 ring of strength (right hand)
 I - an amulet of guardian spirit
 K - a ring of magical power
Talismans
 c - a beast talisman (active)
 d - a flux talisman
 m - a blade talisman
Wands
 r - a wand of flame (11)
 u - a wand of light (11)
 v - a wand of charming (14)
 y - a wand of roots (20)
 z - a wand of digging (5)
Scrolls
 e - 8 scrolls of teleportation
 g - 3 scrolls of fear
 o - 2 scrolls of fog
 s - 2 scrolls of poison
 B - a scroll of enchant armour
 F - a scroll of silence
 H - a scroll of amnesia
 J - 2 scrolls of identify
 N - a scroll of immolation
 P - a scroll of enchant weapon
Potions
 h - 2 potions of lignification
 i - 6 potions of curing
 l - 3 potions of resistance
 n - a potion of cancellation
 p - 2 potions of enlightenment
 t - 2 potions of brilliance
 w - a potion of mutation
 x - 2 potions of heal wounds
 A - 2 potions of might
 D - 3 potions of attraction
 L - a potion of degeneration {unknown}
 M - a potion of berserk rage {unknown}
 Q - 2 potions of invisibility


   Skills:
 + Level 8.7 Fighting
 - Level 16.0 Ranged Weapons
 + Level 13.4 Dodging
 - Level 2.8 Unarmed Combat
 - Level 3.0 Spellcasting
 + Level 5.5 Hexes
 + Level 1.9 Translocations
 - Level 7.0 Shapeshifting


You had 11 spell levels left.
You knew the following spells:

 Your Spells              Type           Power      Damage    Failure   Level
a - Tukima's Dance        Hex            15%        N/A       8%          3
b - Dimensional Bullseye  Hex/Tloc       5%         N/A       47%         4

Your spell library contained the following spells:

 Spells                   Type           Power      Damage    Failure   Level
 Sigil of Binding         Hex            15%        N/A       8%          3
 Necrotise                Necr           4%         1d4       24%         1
 Static Discharge         Conj/Air       2%         3-4/arc   36%         2
 Vampiric Draining        Necr           1%         2d6       58%         3
 Iskenderun's Mystic Bla Conj/Tloc 4%             2d3        (+2d1     86%         4
 Airstrike                Air            0%         2d(1-17)  94%         4
 Martyr's Knell           Necr/Summ      1%         N/A       94%         4
 Summon Lightning Spire   Summ/Air       1%         N/A       94%         4
 Curse of Agony           Necr           1%         N/A       100%        5
 Death Channel            Necr           0%         N/A       100%        6
 Sculpt Simulacrum        Ice/Alch       0%         N/A       100%        6


Dungeon Overview and Level Annotations

Branches:
Dungeon (10/15)            Temple (1/1) D:4            Lair (5/5) D:10
  Swamp (0/4) Lair:2        Snake (0/4) Lair:2          Orc (0/2) D:10
  Slime: Lair:4-5

Altars:
Ashenzari
Cheibriados
Dithmenos
Elyvilon
Fedhas
Gozag
Hepliaklqana
Kikubaaqudgha
Makhleb
Nemelex Xobeh
Okawaru
Qazlal
Ru
Sif Muna
Trog
Uskayaw
Vehumet
Wu Jian
Xom
Yredelemnul
Zin
The Shining One

Shops:
D:7 ?   D:10 *

Annotations:
Lair:5 Kirke


Innate Abilities, Weirdness & Mutations

You are a hulking beast.
Your limbs bulge with bestial killing power. (Slay +4)
Your life essence is reduced to manifest your ancestor. (-10% HP)
You are very small and have problems with some larger weapons.
You are too small for most types of armour.
You have supernaturally acute eyesight. (SInv)
You cover ground extremely quickly. (Speed+++)


Message History

An alligator comes into view.
The boulder beetle hits Kohu!!
The boulder beetle stops rolling and uncurls.
Unknown command.
Something tail-slaps Kohu but does no damage.
Something bites Kohu.
Something drags Kohu backwards!
Kohu has departed this plane of existence.
A komodo dragon comes into view.
The komodo dragon hisses angrily.
The spriggan shouts!
A cane toad comes into view.
You see here 2 javelins.
There is a stone staircase leading up here.
You shoot an arrow.
The arrow barely misses the komodo dragon.
The komodo dragon hisses menacingly.
The komodo dragon completely misses you.
You climb upwards.
There is a stone staircase leading down here.
You shoot an arrow. The arrow hits the komodo dragon!
The komodo dragon is lightly wounded.
The komodo dragon barely misses you.
You shoot an arrow.
The arrow completely misses the komodo dragon.
The komodo dragon bites you!!
You shoot an arrow. The arrow hits the komodo dragon!
The komodo dragon is heavily wounded.
The komodo dragon barely misses you.
You shoot an arrow.
The arrow barely misses the komodo dragon.
The komodo dragon bites you!
You shoot an arrow.
The arrow hits the komodo dragon but does no damage.
The komodo dragon is heavily wounded.
The komodo dragon completely misses you.
You shoot an arrow. The arrow hits the komodo dragon.
The komodo dragon is heavily wounded.
The komodo dragon bites you!!
You die...
Hepliaklqana delivers you to your ancestors.

#.##...## ##ß.<.ß#..## ####....#
#.....#...# ##....## ###
#..ß.....## ##......# ##.#
##.##....# ........#######..##
###...÷÷# ..................##
#####...#
...................###.#.#.#.##
...................##.........##
.....###...#.##.h.####..[....#.##
..######P...##P..l# #.........#.#
..# ###P....#P....# ##.......#.##
### #.#...........# #...>......P#
###.....÷......# ##.†.....#.##
##..............# #...........#
#...............####.#.#.#.##..
##........##.......#####...#...
##..<.P#####.........##.....÷.


You could see a komodo dragon.

Vanquished Creatures
  A hydra (Lair:2)
  A death knight (D:10)
  A two-headed ogre (D:10)
  A deep elf pyromancer (D:9)
  A manticore (D:8)
  A black mamba (Lair:4)
  A guardian serpent (Lair:2)
  A torpor snail (Lair:4)
  11 cane toads
  2 rime drakes
  3 komodo dragons (Lair:1)
  A kobold demonologist (D:9)
  2 trolls (D:10)
  A polar bear (Lair:5)
  A tyrant leech (Lair:2)
  11 blink frogs
  Prince Ribbit (D:6)
  2 spriggans (Lair:1)
  2 vampires (D:9)
  A wraith (D:10)
  4 wyverns
  25 yaks
  3 hogs
  A basilisk (Lair:4)
  A steam dragon (D:8)
  2 swamp worms (Lair:2)
  Edmund (D:4)
  14 water moccasins
  3 orc warriors
  An ice beast (D:7)
  A black bear (D:5)
  3 ogres
  19 wolves
  2 centaurs
  A phantom (D:6)
  Blork the orc (D:4)
  22 bullfrogs
  3 wights (D:8)
  11 killer bees
  4 howler monkeys
  An electric eel (D:10)
  A bombardier beetle (D:4)
  6 hounds
  4 orc priests
  2 gnoll boudas
  4 sleepcaps
  Jessica (D:3)
  11 orc wizards
  Terence (D:3)
  19 gnolls
  9 adders
  A shadow imp (D:6)
  A white imp (D:7)
  3 dart slugs
  3 ribbon worms
  27 orcs
  5 endoplasms
  5 giant cockroaches
  6 goblins
  5 hobgoblins
  A jackal (D:2)
  10 kobolds
  3 quokkas
  6 ball pythons
  6 bats
  2 frilled lizards
  6 rats
317 creatures vanquished.

Vanquished Creatures (collateral kills)
  A two-headed ogre (D:10)
  2 skysharks
  A cyclops (D:10)
  3 cane toads (Lair:4)
  A rime drake (Lair:3)
  2 komodo dragons
  A polar bear (Lair:4)
  A tyrant leech (Lair:2)
  2 blink frogs
  10 yaks
  A steam dragon (D:9)
  A swamp worm (Lair:2)
  An acid dragon (D:10)
  A water moccasin (Lair:3)
  An orc warrior (D:10)
  4 wolves (Lair:1)
  A kobold brigand (D:10)
  A bullfrog (Lair:1)
  4 hounds (D:10)
  A gnoll (D:8)
  A kobold (D:10)
41 creatures vanquished.

Vanquished Creatures (others)
  9 knights
  4 ancestors (D:8)
13 creatures vanquished.

Grand Total: 371 creatures vanquished

Notes
Turn   | Place    | Note
-------+----------+-------------------------------------------
     0 | D:1      | jestert79 the Spriggan Shapeshifter began the quest for the
                  | Orb.
     0 | D:1      | Reached XP level 1. HP: 9/9 MP: 2/2
   158 | D:1      | Reached XP level 2. HP: 14/14 MP: 3/3
   639 | D:2      | Reached skill level 5 in Shapeshifting
   639 | D:2      | Reached XP level 3. HP: 17/17 MP: 4/4
  1022 | D:2      | Identified the amulet of Waydunuc {Faith rN+ SInv}
  1142 | D:2      | Reached skill level 1 in Ranged Weapons
  1241 | D:2      | Reached XP level 4. HP: 21/21 MP: 5/5
  1821 | D:3      | Identified the +0 robe of Nekosos {rN+ Int+3}
  1840 | D:3      | Noticed Jessica
  1841 | D:3      | Noticed Terence
  1865 | D:3      | Reached XP level 5. HP: 24/25 MP: 6/6
  1880 | D:3      | Killed Jessica
  1881 | D:3      | Reached skill level 2 in Ranged Weapons
  1970 | D:3      | Killed Terence
  2598 | D:4      | Noticed an ogre
  2639 | D:4      | Killed an ogre
  2640 | D:4      | Reached skill level 3 in Ranged Weapons
  2640 | D:4      | Reached XP level 6. HP: 29/29 MP: 7/7
  2683 | D:4      | Reached skill level 4 in Ranged Weapons
  2797 | D:4      | Noticed Edmund
  2836 | D:4      | Killed Edmund
  2837 | D:4      | Reached skill level 5 in Ranged Weapons
  2837 | D:4      | Reached XP level 7. HP: 32/32 MP: 8/8
  2890 | D:4      | Found a staircase to the Ecumenical Temple.
  2958 | D:4      | Found an ancient bone altar of Kikubaaqudgha.
  2963 | D:4      | Noticed Blork the orc
  2970 | D:4      | Killed Blork the orc
  2971 | D:4      | Reached skill level 1 in Fighting
  2999 | D:4      | You fall into a shaft and drop 3 floors!
  3092 | D:7      | Reached skill level 6 in Ranged Weapons
  3187 | D:7      | Found Haonnadd's Magic Scroll Shop.
  3192 | D:7      | Bought a scroll of fear for 52 gold pieces
  3273 | D:7      | Reached XP level 8. HP: 39/39 MP: 9/9
  3316 | D:5      | Entered Level 5 of the Dungeon
  3409 | D:6      | Reached skill level 7 in Ranged Weapons
  3572 | D:6      | Noticed Prince Ribbit
  3589 | D:6      | Reached skill level 5 in Dodging
  4047 | Temple   | Entered the Ecumenical Temple
  4076 | Temple   | Became a worshipper of Hepliaklqana the Forgotten
  4685 | D:6      | Reached skill level 8 in Ranged Weapons
  5102 | D:6      | Found a hide-covered altar of Uskayaw.
  5141 | D:6      | Killed Prince Ribbit
  5142 | D:6      | Reached XP level 9. HP: 45/45 MP: 10/10
  5329 | D:7      | Reached * piety under Hepliaklqana
  5369 | D:7      | Found a white marble altar of Elyvilon.
  5407 | D:7      | Learned a level 3 spell: Tukima's Dance
  5596 | D:7      | Bought a scroll of enchant weapon for 97 gold pieces
  5596 | D:7      | Bought a scroll of enchant armour for 97 gold pieces
  5724 | D:8      | Reached skill level 9 in Ranged Weapons
  5916 | D:8      | Found a glowing golden altar of the Shining One.
  6223 | D:8      | Noticed a manticore
  6232 | D:8      | Killed a manticore
  6233 | D:8      | Reached skill level 10 in Ranged Weapons
  6409 | D:8      | Reached skill level 5 in Fighting
  6618 | D:8      | Reached XP level 10. HP: 45/45 MP: 11/11
  6680 | D:8      | Reached ** piety under Hepliaklqana
  6681 | D:8      | Remembered your ancestor Kohu as a knight
  7792 | D:9      | Noticed a deep elf pyromancer
  7802 | D:9      | Killed a deep elf pyromancer
  8222 | D:10     | Entered Level 10 of the Dungeon
  8245 | D:10     | Reached skill level 11 in Ranged Weapons
  8253 | D:10     | Noticed a death knight
  8377 | D:10     | Found a shadowy altar of Dithmenos.
  8397 | D:10     | Found Zivuibbu's General Store.
  8403 | D:10     | Bought a scroll of identify for 26 gold pieces
  8493 | D:10     | Killed a death knight
  8636 | D:10     | Reached skill level 10 in Dodging
  8689 | D:10     | Noticed a two-headed ogre
  8692 | D:10     | Killed a two-headed ogre
  8699 | D:10     | Noticed a two-headed ogre
  8703 | D:10     | Noticed a cyclops
  8713 | D:10     | Killed a two-headed ogre
  8726 | D:10     | Killed a cyclops
  8727 | D:10     | Reached XP level 11. HP: 52/52 MP: 12/12
  9103 | D:10     | Found a staircase to the Orcish Mines.
  9206 | D:10     | Found a shimmering blue altar of Sif Muna.
  9206 | D:10     | Reached *** piety under Hepliaklqana
  9260 | D:10     | Found a staircase to the Lair.
  9823 | Lair:1   | Entered Level 1 of the Lair of Beasts
 10061 | Lair:1   | Reached skill level 12 in Ranged Weapons
 10421 | Lair:1   | Reached skill level 13 in Ranged Weapons
 10923 | Lair:1   | Reached XP level 12. HP: 57/57 MP: 13/13
 10980 | Lair:1   | Reached skill level 14 in Ranged Weapons
 11301 | Lair:2   | Reached **** piety under Hepliaklqana
 11309 | Lair:2   | Noticed a six-headed hydra
 11352 | Lair:2   | Killed a six-headed hydra
 11409 | Lair:2   | Found a staircase to the Snake Pit.
 11521 | Lair:2   | Found a dark tunnel.
 11546 | Lair:2   | Reached skill level 15 in Ranged Weapons
 11973 | Lair:2   | Found a staircase to the Swamp.
 12365 | Lair:3   | Reached skill level 16 in Ranged Weapons
 12379 | Lair:3   | Reached skill level 1 in Hexes
 12548 | Lair:3   | Reached skill level 1 in Spellcasting
 12706 | Lair:3   | Reached ***** piety under Hepliaklqana
 13258 | Lair:4   | Reached XP level 13. HP: 61/61 MP: 18/18
 13679 | Lair:4   | Reached skill level 5 in Hexes
 14175 | Lair:4   | Learned a level 4 spell: Dimensional Bullseye
 14176 | Lair:5   | Entered Level 5 of the Lair of Beasts
 14275 | Lair:5   | Reached skill level 1 in Translocations
 14276 | Lair:5   | Noticed Kirke
 14285 | Lair:5   | Noticed a sphinx
 14387 | Lair:4   | Mangled by a komodo dragon

Illustrated notes

Levels and vault maps discovered:
D:1:      lightli_arrival_flooded_house, layout_loops_ring,
          chequers_serial_rivers_room_a
D:2:      layout_loops_ring, grunt_ministairs_5, minmay_joined_circles
D:3:      layout_basic, uniq_terence, uniq_jessica
D:4:      layout_rooms, mainiacjoe_overflow_chevrons, minmay_temple_entry_trees,
          nicolae_the_louvre, uniq_edmund, uniq_blork_the_orc
D:5:      layout_rooms
D:6:      layout_basic, lemuel_crystal_altar, uniq_prince_ribbit1
D:7:      layout_cave_pools, lemuel_crystal_altar, serial_shops,
          nicolae_shop_hallway_plus
D:8:      layout_basic, mainiacjoe_overflow_paths, hangedman_decor_riveting
D:9:      layout_grid_maze
D:10:     layout_loops_corners, kennysheep_mini, kennysheep_orc_sif_temple,
          erik_lair_island, orc_0_dummy, serial_shops, shop
Temple:   kb_temple_of_zot
Lair:1:   wad_woods_tower, layout_gridlike, beast_lair_carwin_7
Lair:2:   wad_woods_04, layout_regular_city, minmay_swamp_entry_worms,
          minmay_snake_entry_spellcaster, nicolae_volcano_entry_hallway,
          lemuel_fruit_tree
Lair:3:   layout_cave_pods
Lair:4:   wander_river, layout_hall_layers, st_stairs_4,
          pdpol_lair_neglected_garden, grunt_megastairs_1
Lair:5:   gammafunk_lair_ancient_temple, layout_cave_pods, slime_entry_2,
          grunt_forest_large_clearing_hut, uniq_josephine, uniq_sonja,
          uniq_kirke

Skill      XL: |  1  2  3  4  5  6  7  8  9 10 11 12 13 |
---------------+----------------------------------------+-----
Shapeshifting  | 5 6 7 |  7.0
Ranged Weapons | 1 3 5 6 8 10 11 13 16 | 16.0
Fighting       | 2 3 5 6 7 8 |  8.7
Dodging        | 4 6 8 10 12 13 | 13.4
Hexes          | 3 5 |  5.5
Spellcasting   | 3 |  3.0
Translocations | 1 |  1.9
Unarmed Combat | |  2.8

Action                     |  1- 3 |  4- 6 |  7- 9 | 10-12 | 13-15 || total
---------------------------+-------+-------+-------+-------+-------++-------
  Melee: Unarmed           |    28 |       |       |       |       ||    28
         Punch             |     1 |       |       |       |       ||     1
   Fire: Sling             |    55 |   116 |   289 |   310 |       ||   770
         Orcbow            |       |       |       |   273 |    96 ||   369
 Invoke: Recall Ancestor   |       |       |     1 |     1 |     1 ||     3
         Ancestor Life: Kn |       |       |       |     1 |       ||     1
  Evoke: Wand              |       |       |       |     2 |       ||     2
    Use: Potion            |     1 |       |     1 |       |       ||     2
         Scroll            |       |       |    17 |     5 |       ||    22
   Stab: Invisible         |     1 |       |       |       |       ||     1
 Armour: Animal skin       |    17 |     1 |       |       |       ||    18
         Robe              |       |     8 |    29 |    30 |    10 ||    77
  Dodge: Dodged            |    40 |    13 |    57 |    73 |    41 ||   224

Table legend: (Time is in decaauts)
 A = Elapsed time spent in this place.
 B = Non-inter-level travel time spent in this place.
 C = Inter-level travel time spent in this place.
 D = Time resting spent in this place.
 E = Time spent auto-exploring this place.
 F = Levels seen in this place.
 G = Mean time per level.
                   A        B        C        D        E       F      G
               +--------+--------+--------+--------+--------+-----+--------+
         Total |  10240 |   9801 |    439 |   2081 |   5192 |  16 |  640.0 |
       Dungeon |   7158 |   6850 |    308 |   1653 |   3585 |  10 |  715.8 |
        Temple |     36 |      2 |     34 |      0 |      0 |   1 |   36.0 |
          Lair |   3046 |   2950 |     96 |    428 |   1607 |   5 |  609.2 |
               +--------+--------+--------+--------+--------+-----+--------+

Top non-repeatable levels by time:
    D:10: 1276 daAuts
     D:9: 1084 daAuts
  Lair:4: 844 daAuts
     D:8: 838 daAuts
  Lair:2: 766 daAuts
  Lair:1: 764 daAuts
     D:2: 737 daAuts
     D:3: 655 daAuts
     D:4: 637 daAuts
     D:6: 623 daAuts
  Lair:3: 553 daAuts
     D:7: 516 daAuts
     D:5: 399 daAuts
     D:1: 389 daAuts
  Lair:5: 117 daAuts
